Map: Eternal Empire LE

Players

Nina

  • Race: Protoss Protoss
  • League: Grandmaster
  • Spawn Location: 7:00

Future - Winner!

  • Race: Terran Terran
  • Spawn Location: 1:00

Event: DreamHack SC2 Masters 2020 Summer North America

VOD

Have the link to the VOD?

Description

Time

  • Played on: July 3, 2020, 5:12 p.m.
  • Length: 11:04

All games in this series

Show
View Real Time Build Order
Export as new Build Order

Nina Protoss 

Build Orders: 1 Gate Expand, Colossus Rush 

Get SALT Encoding   

  12  0:01  Probe  
  13  0:13  Probe  
  14  0:18  Pylon  
  14  0:25  Probe  
  15  0:33  Probe  
  15  0:40  Gateway  
  15  0:41  Probe  
  16  0:49  Assimilator  
  17  0:51  Probe  
  18  1:03  Probe  
  19  1:16  Probe  
  20  1:27  Cybernetics Core  
  20  1:34  Nexus  
  20  1:42  Pylon  
  20  1:45  Probe  
  21  1:51  Assimilator  
  21  1:53  Adept  
  21  1:57  Probe  
  22  2:05  Warp Gate  
  24  2:09  Probe  
  25  2:16  Stalker  
  25  2:21  Probe  
  28  2:33  Probe  
  28  2:35  Robotics Facility  
  29  2:46  Probe  
  29  2:47  Probe  
  31  2:55  Stalker  
  31  2:58  Probe  
  34  2:59  Probe  
  35  3:07  Probe  
  35  3:10  Probe  
  37  3:15  Probe  
  37  3:16  Observer  
  37  3:19  Gateway  
  38  3:22  Probe  
  38  3:25  Probe  
  40  3:27  Robotics Bay  
  41  3:34  Probe  
  41  3:37  Probe  
  41  3:38  Warp Prism  
  41  3:39  Pylon  
  43  3:46  Probe  
  46  3:50  Assimilator  
  46  3:57  Probe  
  46  3:58  Probe, Pylon  
  48  4:04  Colossus  
  48  4:09  Probe  
  49  4:10  Probe, Pylon  
  50  4:21  Probe  
  50  4:22  Probe  
  50  4:23  Gravitic Drive  
  56  4:27  Forge  
  56  4:32  Shield Battery  
  56  4:35  Stalker  
  56  4:37  Stalker  
  60  4:39  Probe  
  61  4:46  Gateway  
  61  4:48  Probe  
  61  4:51  Shield Battery  
  62  5:09  Stalker x2  
  60  5:24  Probe, Colossus  
  65  5:28  Probe  
  65  5:31  Pylon  
  65  5:32  Stalker x2, Pylon  
  65  5:34  Cybernetics Core  
  69  5:42  Gateway  
  69  5:49  Probe  
  66  5:51  Zealot  
  66  5:52  Probe  
  69  5:58  Protoss Ground Weapons Level 1  
  69  5:59  Zealot  
  71  6:04  Gateway  
  71  6:06  Probe  
  71  6:07  Pylon  
  71  6:11  Assimilator  
  72  6:13  Zealot x2  
  76  6:20  Gateway  
  78  6:36  Stalker x3  
  78  6:37  Twilight Council  
  78  6:38  Stalker  
  78  6:50  Probe  
  69  7:00  Pylon, Zealot x3  
  73  7:01  Pylon  
  73  7:03  Pylon  
  73  7:11  Pylon  
  73  7:13  Pylon  
  73  7:16  Charge  
  73  7:18  Shield Battery  
  73  7:20  Stalker x5  
  73  7:35  Gateway  
  73  7:36  Gateway  
  73  7:43  Pylon, Zealot x2  
  73  7:44  Zealot x2  
  81  7:56  Dark Shrine  
  81  8:04  Zealot x4  
  77  8:26  Stalker x4  
  71  8:30  Gateway  
  71  8:31  Protoss Ground Armor Level 1  
  71  8:34  Sentry  
  71  8:35  Zealot  
  69  8:49  Zealot x3  
  69  8:50  Zealot, Robotics Facility  
  69  8:55  Zealot  
  79  8:59  Zealot  
  66  9:10  Dark Templar x3  
  66  9:12  Zealot  
  74  9:20  Dark Templar  
  74  9:21  Zealot  
  78  9:24  Archon  
  78  9:25  Archon, Zealot  
  80  9:33  Dark Templar  
  82  9:39  Warp Prism  
  82  9:44  Zealot  
  82  9:58  Stalker  
  82  10:05  Nexus  
  82  10:17  Robotics Bay  
  80  10:23  Pylon  
  80  10:24  Sentry, Observer  
  80  10:27  Sentry  
  84  10:34  Dark Templar  
  79  10:57  Zealot x4  
Show
View Real Time Build Order
Export as new Build Order

Future Terran - Winner!

Build Orders:  

Get SALT Encoding   

  12  0:00  SCV  
  13  0:13  SCV  
  14  0:17  Supply Depot  
  14  0:25  SCV  
  15  0:39  SCV  
  15  0:40  Barracks  
  16  0:44  Refinery  
  16  0:51  SCV  
  17  1:03  SCV  
  18  1:15  SCV  
  19  1:28  Orbital Command, Marine  
  20  1:41  Command Center  
  20  1:46  Barracks Reactor  
  20  1:54  SCV  
  20  2:00  Supply Depot  
  21  2:06  SCV  
  22  2:10  Factory  
  22  2:15  Refinery  
  22  2:18  SCV  
  23  2:24  Marine x2  
  25  2:30  SCV  
  26  2:41  Marine  
  26  2:42  SCV, Marine  
  29  2:52  Orbital Command  
  29  2:55  SCV  
  29  2:56  Starport  
  30  3:00  Marine, Factory Tech Lab  
  30  3:03  Marine  
  32  3:08  SCV  
  33  3:19  SCV  
  34  3:20  SCV  
  34  3:23  Marine x2, Siege Tank  
  40  3:30  Supply Depot  
  40  3:33  Medivac  
  42  3:34  SCV  
  42  3:36  SCV  
  42  3:41  Marine x2  
  46  3:52  SCV x2  
  48  3:57  Siege Tank  
  48  4:00  Marine x2  
  53  4:04  SCV  
  53  4:07  Supply Depot  
  54  4:10  SCV  
  54  4:16  SCV  
  56  4:22  SCV  
  56  4:23  Marine x2  
  59  4:25  Liberator  
  59  4:28  SCV  
  59  4:30  Supply Depot  
  63  4:34  SCV  
  64  4:39  Siege Tank  
  64  4:40  SCV, Marine  
  64  4:41  Marine  
  64  4:44  Supply Depot  
  70  4:51  SCV  
  71  4:53  SCV  
  71  4:58  Marine x2  
  71  4:59  Supply Depot  
  74  5:03  SCV  
  74  5:05  SCV  
  73  5:14  Siege Tank  
  74  5:16  Marine x2  
  74  5:20  Viking, SCV  
  76  5:22  Command Center  
  76  5:28  SCV  
  77  5:30  Supply Depot  
  77  5:32  SCV  
  77  5:35  Marine x2  
  80  5:40  SCV  
  79  5:47  Barracks x2, Siege Tank  
  79  5:53  Marine x2  
  81  5:58  Bunker  
  81  6:00  SCV  
  81  6:01  SCV  
  81  6:03  Supply Depot  
  83  6:06  Bunker  
  83  6:09  Starport Tech Lab  
  83  6:12  SCV  
  83  6:13  SCV  
  83  6:16  Refinery  
  83  6:17  Engineering Bay, Refinery  
  84  6:18  Engineering Bay  
  84  6:24  SCV  
  80  6:26  SCV  
  75  6:36  SCV  
  75  6:37  Barracks Tech Lab x2  
  75  6:38  SCV  
  75  6:39  Orbital Command  
  77  6:41  Marine  
  77  6:48  SCV  
  77  6:50  SCV, Siege Tank  
  79  7:00  Terran Infantry Weapons Level 1, Terran Infantry Armor Level 1  
  79  7:01  SCV  
  80  7:02  SCV  
  80  7:06  Bunker, Orbital Command  
  80  7:09  Stimpack  
  80  7:13  SCV  
  80  7:14  SCV  
  82  7:17  Combat Shield  
  82  7:25  SCV  
  82  7:26  SCV, Barracks  
  82  7:27  Barracks  
  84  7:30  Marauder x2, Marine x2  
  84  7:33  Siege Tank  
  93  7:37  SCV  
  93  7:38  SCV  
  93  7:39  SCV  
  96  7:50  Bunker  
  96  7:51  SCV  
  97  7:53  Marauder  
  97  7:54  Marauder  
  97  7:55  Bunker  
  97  7:56  Marine x2  
  97  7:58  SCV x2  
  105  8:00  Missile Turret  
  105  8:03  SCV  
  106  8:05  Starport Reactor  
  106  8:06  Siege Tank  
  106  8:09  Supply Depot  
  106  8:10  SCV x2  
  111  8:13  Missile Turret  
  111  8:14  Marauder  
  111  8:15  SCV, Marauder  
  111  8:16  Missile Turret  
  110  8:22  SCV  
  104  8:31  Barracks Tech Lab  
  104  8:32  Barracks Reactor  
  104  8:33  SCV  
  105  8:36  Marauder x2, Marine  
  105  8:41  Marine  
  113  8:46  Refinery  
  113  8:47  Armory, Refinery, Ghost Academy  
  111  8:48  Medivac x2  
  111  8:50  Marauder  
  111  8:54  Marine  
  118  8:57  Marauder  
  118  8:58  Marauder  
  118  8:59  Marine  
  123  9:09  Supply Depot  
  123  9:11  Siege Tank  
  123  9:12  Marauder  
  128  9:18  Medivac, Marauder  
  128  9:19  Marauder  
  133  9:27  Supply Depot  
  133  9:28  Supply Depot  
  133  9:30  Medivac, Marine x3  
  138  9:33  Marauder  
  138  9:38  Command Center, Marine  
  141  9:40  Marauder  
  141  9:41  Marauder  
  143  9:54  Marine x2  
  143  9:55  Marauder, Marine  
  143  9:56  Marine  
  143  9:57  Siege Tank  
  143  9:58  Medivac  
  142  10:00  Medivac  
  142  10:01  Marauder  
  142  10:02  Marauder  
  146  10:12  SCV x3  
  146  10:13  Concussive Shells  
  146  10:15  Marine x2  
  146  10:16  Marauder  
  149  10:22  Marine x2  
  149  10:23  Marauder  
  149  10:24  Marauder  
  155  10:30  Siege Tank  
  155  10:33  Marine x2  
  160  10:37  Marauder  
  160  10:39  Marine  
  160  10:40  Marine  
Tags
 
Add a new tag
Caveats
  • Supply blocks, unpowered buildings, or Contaminate may cause inaccurate times.
  • Supply counts are checked every 10 seconds.